 Dungeon Crawl Stone Soup version 0.32-a0-699-g1ee5eff69a (console) character file.

Game seed: 310202555647438806

237 zenocrate the Digger (level 6, 0/39 HPs)
             Began as an Octopode Earth Elementalist on Mar 13, 2024.
             Slain by Pikel
             ... wielding a +1 whip of freezing
              (10 damage)
             ... on level 4 of the Dungeon.
             The game lasted 00:04:26 (2539 turns).

zenocrate the Digger (Octopode Earth Elementalist)  Turns: 2539, Time: 00:04:27

Health: 0/39       AC:  1    Str:  7    XL:     6   Next: 6%
Magic:  1/9        EV: 12    Int: 19    God:
Gold:   203        SH:  0    Dex: 13    Spells: 3/10 levels left

rFire   . .          .
                       - Unarmed
rCold   . . .        (no shield)
rNeg    . . .        (helmet restricted)
rPois   .            e - amulet of the acrobat
rElec   .            (no ring)
rCorr   .            (no ring)
SInv    .            (no ring)
Will    .....        (no ring)
Stlth   +++          (no ring)
HPRegen 0.26/turn    (no ring)
MPRegen 0.11/turn    (no ring)
                     (no ring)

%: acrobat
@: no status effects
A: almost no armour, amphibious, 8 rings, camouflage 1, gelatinous body 1,
(nimble swimmer 1), tentacles
a: no special abilities


You were on level 4 of the Dungeon.
You visited 1 branch of the dungeon, and saw 4 of its levels.

You collected 203 gold pieces.

Inventory:

Missiles
 o - a throwing net
Magical Staves
 b - a staff of death
Jewellery
 e - an amulet of the acrobat (around mantle)
 i - a ring of fire
Scrolls
 c - a scroll of blinking {unknown}
 d - 3 scrolls of teleportation
 f - a scroll of butterflies
 g - a scroll of fog {unknown}
 j - a scroll of amnesia {unknown}
Potions
 a - a potion of magic
 h - a potion of attraction
 k - a potion of lignification {unknown}
 l - a potion of haste {unknown}
 m - 3 potions of curing
 n - a potion of enlightenment {unknown}


   Skills:
 * Level 2.3 Fighting
 + Level 2.9 Dodging
 + Level 3.7 Stealth
 + Level 1.6 Unarmed Combat
 + Level 2.6 Spellcasting
 + Level 2.1 Conjurations
 + Level 3.8 Earth Magic
 + Level 0.5 Evocations


You had 3 spell levels left.
You knew the following spells:

 Your Spells              Type           Power      Damage    Failure   Level
a - Sandblast             Erth           34%        2d9       3%          1
b - Stone Arrow           Conj/Erth      26%        3d8       14%         3
z - Passwall              Erth           17%        N/A       10%         3

Your spell library contained the following spells:

 Spells                   Type           Power      Damage    Failure   Level
 Frozen Ramparts          Ice            4%         1d1       43%         3
 Ozocubu's Armour         Ice            2%         N/A       43%         3
 Brom's Barrelling Bould  Conj/Erth      13%        2d4       43%         4
 Petrify                  Alch/Erth      9%         N/A       58%         4
 Animate Dead             Necr           2%         N/A       85%         4
 Metabolic Englaciation   Hex/Ice        1%         N/A       99%         5
 Haunt                    Necr/Summ      1%         N/A       100%        7
 Infestation              Necr           1%         N/A       100%        8


Dungeon Overview and Level Annotations

Branches:
Dungeon (4/15)
 Temple: D:4-7

Altars:

Annotations:
D:4 Pikel


Innate Abilities, Weirdness & Mutations

You cannot wear most types of armour.
You are amphibious.
You can wear up to eight rings at the same time.
Your skin changes colour to match your surroundings (Stealth+).
Your rubbery body absorbs attacks. (AC +1, EV +1)
((You are camouflaged when in or above water. (Stealth+)))
You have tentacles for arms and can constrict up to eight enemies at once.


Message History

Unknown command.
Casting: Sandblast (safe; 3% risk of failure)
Confirm with . or Enter, or press ? or * to list all spells.
The spell is quite dangerous to miscast (14% risk of failure)!
Continue anyway?
Aiming: Stone Arrow (quite dangerous; 14% risk of failure)
Press: ? - help, Shift-Dir - straight line, f/p - Pikel
Aim: Pikel, wielding a +1 whip of freezing and wearing a +0 robe (60% to hit)
The stone arrow hits Pikel!
Pikel is heavily wounded.
Pikel closely misses you.
Unknown command.
Casting: Stone Arrow (quite dangerous; 14% risk of failure)
Confirm with . or Enter, or press ? or * to list all spells.
The spell is quite dangerous to miscast (14% risk of failure)!
Continue anyway?
Aiming: Stone Arrow (quite dangerous; 14% risk of failure)
Press: ? - help, Shift-Dir - straight line, f/p - Pikel
Aim: Pikel, wielding a +1 whip of freezing and wearing a +0 robe (heavily wounded, 60% to hit)
The stone arrow hits Pikel!
Pikel is severely wounded.
Pikel hits you with a +1 whip of freezing!
Pikel freezes you.
Unknown command.
You tentacle-slap Pikel but do no damage.
You grab Pikel. Your squeeze misses Pikel.
Pikel is severely wounded.
You constrict Pikel.
Pikel hits you with a +1 whip of freezing!
Pikel freezes you.
* * * LOW HITPOINT WARNING * * *
Casting: Stone Arrow (quite dangerous; 14% risk of failure)
Confirm with . or Enter, or press ? or * to list all spells.
Aiming: Sandblast (safe; 3% risk of failure)
Press: ? - help, Shift-Dir - straight line, f/p - Pikel
Aim: Pikel, wielding a +1 whip of freezing and wearing a +0 robe (almost dead, constricted by you, 100% to hit)
The blast of sand hits Pikel but does no damage.
Pikel is almost dead.
You constrict Pikel.
Pikel hits you with a +1 whip of freezing!
You die...
Pikel says, "See you in Hell!"

#.#.#.#.#
#.# #.#
#.#.#.#.#
##.# #.#
#.#.#.# ...#
#.# #.#.#.#.
#..####.#
..#.# ..
#..#....#
#.#..#.####
...#.#
#.####.#.#
#........#
#.######.###
#.555K@..#
##########


You could see Pikel and 3 lemures.

Vanquished Creatures
  A lemure (D:4)
  A gnoll bouda (D:4)
  9 gnolls
  6 adders
  A dart slug (D:3)
  2 ribbon worms (D:3)
  2 orcs
  6 bats
  2 endoplasms
  A giant cockroach (D:2)
  6 goblins
  4 hobgoblins
  4 jackals
  8 kobolds
  A quokka (D:1)
  5 ball pythons
  2 frilled lizards
  5 rats
66 creatures vanquished.

Notes
Turn   | Place    | Note
-------+----------+-------------------------------------------
     0 | D:1      | zenocrate the Octopode Earth Elementalist began the quest
                  | for the Orb.
     0 | D:1      | Reached XP level 1. HP: 11/11 MP: 3/3
   195 | D:1      | Reached XP level 2. HP: 17/17 MP: 5/5
   417 | D:1      | Reached XP level 3. HP: 10/22 MP: 3/6
   717 | D:1      | Learned a level 3 spell: Stone Arrow
   910 | D:2      | Reached skill level 1 in Fighting
  1017 | D:2      | Reached XP level 4. HP: 28/28 MP: 3/7
  1294 | D:2      | Learned a level 3 spell: Passwall
  1321 | D:3      | Reached skill level 1 in Unarmed Combat
  1703 | D:3      | Reached XP level 5. HP: 34/34 MP: 5/8
  2372 | D:3      | Reached XP level 6. HP: 30/39 MP: 6/9
  2532 | D:4      | Noticed Pikel
  2539 | D:4      | Slain by Pikel

Illustrated notes

Levels and vault maps discovered:
D:1:      zaba_arrival_water, layout_loops_cross, hangedman_decor_push,
          glass_columns_b
D:2:      layout_rooms
D:3:      layout_basic
D:4:      layout_basic, gammafunk_temple_overflow_forgotten, serial_shops,
          nicolae_shop_trees, grunt_decor_cap, uniq_pikel

Skill      XL: |  1  2  3  4  5 |
---------------+----------------+-----
Stealth        | 3 |  3.7
Fighting       | 1 2 |  2.3
Unarmed Combat | 1 |  1.6
Conjurations   | 2 |  2.1
Dodging        | |  2.9
Spellcasting   | |  2.6
Earth Magic    | |  3.8
Evocations     | |  0.5

Action                     |  1- 3 |  4- 6 || total
---------------------------+-------+-------++-------
  Melee: Unarmed           |    44 |    36 ||    80
         Constrict         |    13 |    16 ||    29
         Tentacles         |    11 |    14 ||    25
   Cast: Sandblast         |    17 |    38 ||    55
         Stone Arrow       |       |     4 ||     4
    Use: Scroll            |     1 |     4 ||     5
   Stab: Sleeping          |     7 |     6 ||    13
 Armour: Skin              |    30 |    35 ||    65
  Dodge: Dodged            |    42 |    56 ||    98

Table legend: (Time is in decaauts)
 A = Elapsed time spent in this place.
 B = Non-inter-level travel time spent in this place.
 C = Inter-level travel time spent in this place.
 D = Time resting spent in this place.
 E = Time spent auto-exploring this place.
 F = Levels seen in this place.
 G = Mean time per level.
                   A        B        C        D        E       F      G
               +--------+--------+--------+--------+--------+-----+--------+
         Total |   2568 |   2524 |     44 |     22 |   2015 |   4 |  642.0 |
       Dungeon |   2568 |   2524 |     44 |     22 |   2015 |   4 |  642.0 |
               +--------+--------+--------+--------+--------+-----+--------+

Top non-repeatable levels by time:
     D:3: 1046 daAuts
     D:1: 740 daAuts
     D:2: 582 daAuts
     D:4: 199 daAuts
